 Dungeon Crawl Stone Soup version 0.29-a0-119-g4040846114 (webtiles) character file.

Game seed: 2582103206651410849

525105 bobojojo the Slayer (level 24, -19/249 HPs)
             Began as a Minotaur Fighter on Feb 4, 2022.
             Was a High Priest of Ashenzari.
             Killed from afar by a living spell (94 damage)
             ... with a crystal spear
             ... summoned by a walking crystal tome
             ... on level 3 of the Depths on Feb 20, 2022.
             The game lasted 05:02:01 (70865 turns).

bobojojo the Slayer (Minotaur Fighter)             Turns: 70865, Time: 05:02:02

Health: -19/249    AC: 29    Str: 35    XL:     24   Next: 77%
Magic:  0/37       EV: 18    Int: 10    God:    Ashenzari [*****.]
Gold:   3161       SH: 34    Dex: 14    Spells: 19/46 levels left

rFire   + + .      SeeInvis +   F - +3 demon whip (vorpal)
rCold   + . .      Faith    .   W - +3 tower shield {rPois}
rNeg    + . .      Spirit   +   Z - +1 storm dragon scales "All-seeing Morality" {rElec Int+5 Slay+2, Self, Fort} (curse)
rPois   +          Reflect  .   w - +2 hat "Visionary Awkwardness" {Alch, Cun} (curse)
rElec   +          Harm     .   r - scarf "Bound Portent" {rC+ rF+, Self, Melee} (curse)
rCorr   .          Rampage  .   J - +1 pair of gloves of the Cryptic Paranoia {infuse, Melee, Elem} (curse)
Will    ++...      Clarity  +   q - +1 pair of boots of the Gnostic Jealousy {Evo, Self} (curse)
Stlth   ..........              K - brooch of Shielding {Spirit SH+8, Melee, Evo} (curse)
HPRegen 0.51/turn               m - ring of Ashenzari's Paranoia {rN+, Bglg, Melee} (curse)
MPRegen 0.25/turn               N - ring "Thunder Perfect Mind" {rF+ Will+ Str+6, Self, Melee} (curse)

@: flayed, studying 2 skills
A: horns 2, retaliatory headbutt
}: 2/15 runes: decaying, serpentine
a: Renounce Religion, Curse Item, Shatter the Chains


You were on level 3 of the Depths.
You worshipped Ashenzari.
Ashenzari was extremely pleased with you.
You visited 11 branches of the dungeon, and saw 47 of its levels.
You visited the Abyss 2 times.
You visited 1 bazaar.
You also visited: Sewer, Gauntlet, Ice Cave and Wizlab.

You collected 5884 gold pieces.
You spent 2723 gold pieces at shops.

Inventory:

Hand Weapons
 l - a +7 morningstar of holy wrath
 F - a +3 vorpal demon whip (weapon)
 X - the +6 flail "Geoxaplo" {protect, rCorr Str+2 Int+2}
   (You found it in a Gauntlet)

   It grants its wielder temporary protection when it strikes (+7 to AC).
   Str:       It affects your strength (+2).
   Int:       It affects your intelligence (+2).
   rCorr:     It protects you from acid and corrosion.
Missiles
 D - 5 curare-tipped darts
 E - 9 silver javelins
 Q - 11 boomerangs (quivered)
Armour
 q - the cursed +1 pair of boots of the Gnostic Jealousy (worn) {Evo, Self}
   (You found it on level 4 of the Snake Pit)

   It has a curse which improves the following skills: Evocations: Evocations.
   Introspection: Fighting and Spellcasting.
 r - the cursed scarf "Bound Portent" (worn) {rC+ rF+, Self, Melee}
   (You found it on level 4 of the Dungeon)

   It has a curse which improves the following skills: Introspection: Fighting
   and Spellcasting.
   Melee Combat: Short Blades, Long Blades, Axes, Maces & Flails, Polearms,
   Staves and Unarmed Combat.
 w - the cursed +2 hat "Visionary Awkwardness" (worn) {Alch, Cun}
   (You bought it in a shop on level 11 of the Dungeon)

   It has a curse which improves the following skills: Alchemy: Poison Magic and
   Transmutations.
   Cunning:   Dodging and Stealth.
 y - the +3 crown of Dyrovepreva {rElec Int+2 SInv}
   (You acquired it on level 3 of the Lair of Beasts)

   Int:       It affects your intelligence (+2).
   rElec:     It insulates you from electricity.
   SInv:      It lets you see invisible.
 J - the cursed +1 pair of gloves of the Cryptic Paranoia (worn) {infuse, Melee, Elem}
   (You found it on level 8 of the Dungeon)

   It has a curse which improves the following skills: Melee Combat: Short
   Blades, Long Blades, Axes, Maces & Flails, Polearms, Staves and Unarmed
   Combat.
   Elements:  Fire Magic, Ice Magic, Air Magic and Earth Magic.
 W - a +3 tower shield of poison resistance (worn)
 Y - a +2 pair of gloves of dexterity
 Z - the cursed +1 storm dragon scales "All-seeing Morality" (worn) {rElec Int+5 Slay+2, Self, Fort}
   (You found it in a Gauntlet)

   Int:       It affects your intelligence (+5).
   Slay:      It affects your accuracy & damage with ranged weapons and melee
   (+2).
   rElec:     It insulates you from electricity.
   It has a curse which improves the following skills: Introspection: Fighting
   and Spellcasting.
   Fortitude: Armour and Shields.
Jewellery
 i - the amulet of Benevolence {Acrobat Fragile Int+4 SInv}
   (You took it off a deep elf demonologist on level 3 of the Elven Halls)

   [amulet of the acrobat]

   It increases your evasion while moving and waiting.
   Int:       It affects your intelligence (+4).
   SInv:      It lets you see invisible.
   Fragile:   It will be destroyed if unequipped.
 m - the cursed ring of Ashenzari's Paranoia (left hand) {rN+, Bglg, Melee}
   (You found it on level 2 of the Dungeon)

   [ring of positive energy]

   rN:        It protects you from negative energy.
   It has a curse which improves the following skills: Beguiling: Conjurations,
   Hexes and Translocations.
   Melee Combat: Short Blades, Long Blades, Axes, Maces & Flails, Polearms,
   Staves and Unarmed Combat.
 K - the cursed brooch of Shielding (around neck) {Spirit SH+8, Melee, Evo}
   (You bought it in a shop on level 3 of the Elven Halls)

   [amulet of guardian spirit]

   It causes incoming damage to be divided between your reserves of health and
   magic.
   SH:        It affects your SH (+8).
   It has a curse which improves the following skills: Melee Combat: Short
   Blades, Long Blades, Axes, Maces & Flails, Polearms, Staves and Unarmed
   Combat.
   Evocations: Evocations.
 N - the cursed ring "Thunder Perfect Mind" (right hand) {rF+ Will+ Str+6, Self, Melee}
   (You found it on level 14 of the Dungeon)

   [ring of strength]

   Str:       It affects your strength (+6).
   rF:        It protects you from fire.
   Will:      It increases your willpower.
   It has a curse which improves the following skills: Introspection: Fighting
   and Spellcasting.
   Melee Combat: Short Blades, Long Blades, Axes, Maces & Flails, Polearms,
   Staves and Unarmed Combat.
Wands
 c - a wand of polymorph (13)
 s - a wand of paralysis (3)
 G - a wand of digging (1)
 S - a wand of iceblast (17)
 T - a wand of charming (8)
 V - a wand of acid (11)
Scrolls
 a - a scroll of magic mapping
 e - 2 scrolls of brand weapon
 k - a scroll of amnesia
 t - a scroll of blinking
 u - 9 scrolls of teleportation
 C - 2 scrolls of silence
 H - 5 scrolls of fog
 I - a scroll of summoning
 O - 4 scrolls of fear
Potions
 d - 4 potions of berserk rage
 f - 5 potions of brilliance
 h - 16 potions of curing
 j - 9 potions of mutation
 n - 5 potions of might
 p - 4 potions of flight
 v - 5 potions of resistance
 x - 4 potions of heal wounds
 A - 3 potions of haste
 B - 4 potions of magic
 L - 3 potions of ambrosia
 R - 2 potions of cancellation
Miscellaneous
 b - a lightning rod (4/4)
 g - a phial of floods
 o - a tin of tremorstones (2/2)
 z - a piece from Xom's chessboard (15/15)
 M - a phantom mirror (inert)
 P - a box of beasts
 U - a condenser vane


   Skills:
 - Level 23.9(27) Fighting
 - Level 21.2(27) Maces & Flails
 - Level 5.1 Throwing
 + Level 20.6(22.6) Armour
 + Level 17.7(19.9) Dodging
 + Level 21.7(23.7) Shields
 + Level 6.4(11.7) Spellcasting
 * Level 5.3(7.6) Translocations
 - Level 3.4(5.4) Transmutations
 - Level 3.0(5.0) Air Magic
 - Level 1.2(2.7) Earth Magic
 + Level 14.9(18.3) Evocations


You had 19 spell levels left.
You knew the following spells:

 Your Spells              Type           Power      Damage    Failure   Level
a - Passwall              Tmut/Erth      11%        N/A       10%         2
b - Swiftness             Air            15%        N/A       13%         3
c - Animate Armour        Summ/Erth      16%        N/A       89%         4
d - Wereblood             Tmut           16%        N/A       5%          2
e - Sublimation of Blood  Necr           5%         N/A       45%         2
f - Leda's Liquefaction   Hex/Erth       4%         N/A       88%         4
g - Blink                 Tloc           42%        N/A       2%          2
h - Manifold Assault      Tloc           21%        N/A       38%         5
i - Gell's Gravitas       Tloc           21%        N/A       4%          3

Your spell library contained the following spells:

 Spells                   Type           Power      Damage    Failure   Level
 Apportation              Tloc           42%        N/A       1%          1
 Beastly Appendage        Tmut           32%        N/A       3%          1
 Sandblast                Erth           22%        2d7       12%         1
 Static Discharge         Conj/Air       11%        N/A       17%         2
 Corpse Rot               Necr/Air       20%        N/A       19%         2
 Freeze                   Ice            24%        1d5       30%         1
 Magic Dart               Conj           24%        1d4       30%         1
 Spider Form              Tmut/Pois      11%        N/A       32%         3
 Animate Skeleton         Necr           10%        N/A       34%         1
 Pain                     Necr           20%        1d5       34%         1
 Ignite Poison            Fire/Tmut/Pois 9%         N/A       41%         3
 Ensorcelled Hibernation  Hex/Ice        12%        N/A       43%         2
 Scorch                   Fire           12%        2d6       43%         2
 Mephitic Cloud           Conj/Pois/Air  9%         N/A       43%         3
 Call Imp                 Summ           5%         N/A       45%         2
 Stone Arrow              Conj/Erth      16%        3d8       50%         3
 Petrify                  Tmut/Erth      14%        N/A       54%         4
 Iskenderun's Mystic Bla  Conj/Tloc      13%        2d5       56%         4
 Confusing Touch          Hex            6%         N/A       67%         3
 Frozen Ramparts          Ice            12%        1d3       67%         3
 Call Canine Familiar     Summ           5%         N/A       71%         3
 Vampiric Draining        Necr           5%         2d6       71%         3
 Ice Form                 Ice/Tmut       11%        N/A       71%         4
 Blade Hands              Tmut           8%         N/A       71%         5
 Summon Lightning Spire   Summ/Air       10%        N/A       77%         4
 Dispersal                Tloc           10%        N/A       93%         6
 Irradiate                Conj/Tmut      5%         3d15      96%         5
 Yara's Violent Unravell  Hex/Tmut       5%         3d4       96%         5
 Anguish                  Hex/Necr       3%         N/A       97%         4
 Flame Wave               Conj/Fire      6%         2d5       97%         4
 Hailstorm                Conj/Ice       6%         3d4       97%         4
 Olgreb's Toxic Radiance  Pois           6%         N/A       97%         4
 Sticky Flame             Conj/Fire      6%         2d3       97%         4
 Summon Ice Beast         Ice/Summ       6%         N/A       97%         4
 Lee's Rapid Deconstruct  Erth           5%         3d7*      97%         5
 Lightning Bolt           Conj/Air       5%         1d17      97%         5
 Dispel Undead            Necr           5%         3d7       98%         4
 Borgnjor's Vile Clutch   Necr/Erth      4%         N/A       99%         5
 Freezing Cloud           Conj/Ice/Air   4%         6-21      99%         5
 Fireball                 Conj/Fire      3%         3d4       100%        5
 Iskenderun's Battlesphe  Conj           6%         2d6       100%        5
 Metabolic Englaciation   Hex/Ice        3%         N/A       100%        5
 Summon Mana Viper        Hex/Summ       6%         N/A       100%        5
 Conjure Ball Lightning   Conj/Air       5%         3x3d6     100%        6
 Iron Shot                Conj/Erth      4%         9d2       100%        6
 Statue Form              Tmut/Erth      9%         N/A       100%        6
 Summon Cactus Giant      Summ           2%         N/A       100%        6
 Enfeeble                 Hex            3%         N/A       100%        7
 Haunt                    Necr/Summ      2%         N/A       100%        7
 Orb of Destruction       Conj           3%         9d5       100%        7
 Spellforged Servitor     Conj/Summ      3%         N/A       100%        7
 Storm Form               Tmut/Air       8%         N/A       100%        7
 Borgnjor's Revivificati  Necr           2%         N/A       100%        8
 Discord                  Hex            3%         N/A       100%        8
 Disjunction              Tloc           10%        N/A       100%        8
 Lehudib's Crystal Spear  Conj/Erth      4%         10d3      100%        8
 Maxwell's Capacitive Co  Air            7%         ∞         100%        8
 Death's Door             Necr           2%         N/A       100%        9
 Shatter                  Erth           5%         3d8*      100%        9


Dungeon Overview and Level Annotations

Branches:
Dungeon (15/15)            Temple (0/1) D:7            Lair (6/6) D:10
  Swamp (4/4) Lair:2        Snake (4/4) Lair:3        Slime (0/5) Lair:5
    Orc (2/2) D:12            Elf (3/3) Orc:2        Vaults (5/5) D:14
  Crypt (3/3) Vaults:2       Tomb (1/3) Crypt:3      Depths (3/4) D:15
   Hell (visited)           Sewer (visited)           IceCv (visited)
 WizLab (visited)         Gauntlet (visited)
    Dis: Hell:1         Geh: Hell:1         Coc: Hell:1         Tar: Hell:1

Altars:
Ashenzari
Kikubaaqudgha
Ru
Uskayaw
Xom
Jiyva
Lugonu

Shops:
D:11 *:[   D:13 !   Orc:1 !   Orc:2 [*?:[   Elf:1 :   Elf:3 =   Snake:3 ?::
Vaults:1 *   Vaults:4 *

Portals:
Hell: Depths:1 Depths:2
Abyss: Depths:2
Pandemonium: Orc:2 Depths:2
Ziggurat: Depths:1

Annotations:
Lair:6 3 runed translucent doors, petzl's ghost, journeyman FoAM
Swamp:4 3 runed translucent doors, Jograino's ghost, journeyman DEIE; TheGamechu's ghost, adept MiBe
Hell Geryon


Innate Abilities, Weirdness & Mutations

You have a pair of horns on your head.
You reflexively headbutt those who attack you in melee.


Message History

You thrash the hell knight!! You headbutt the hell knight.
You feel a bit better.
You kill the hell knight!
Your primal bloodlust has ended.
Things that are here:
a +3 great mace of flaming; a +0 plate armour
Found a scroll of torment and 24 gold pieces.
Found 28 gold pieces and a scroll of blinking.
Found a scroll of identify.
A golden dragon comes into view.
A flayed ghost comes into view.
The flayed ghost stares at you with tortured malice.
Terrible wounds open up all over your body!
The golden dragon roars deafeningly!
You hear a loud rustle.
You hear a shout!
The golden dragon breathes poison at you.
The blast of poison misses you.
A walking crystal tome comes into view.
A torpor snail and a juggernaut come into view.
Found a +2 buckler of reflection.
The torpor snail changes into a snapping turtle!
The flayed ghost cries, "Suffer as I suffered!"
Terrible wounds spread across more of your body!
The walking crystal tome erupts in a flurry of living spells!
The golden dragon closely misses you.
You block the golden dragon's attack. x2
Aiming: Phantom Mirror
Press: ? - help, Dir - move target, f - golden dragon
Aim: a golden dragon (catching its breath)
You reflect the golden dragon with the mirror!
The mirror clouds!
The golden dragon completely misses you.
You block the golden dragon's attack. x2
A vampire knight comes into view. It is wielding a +0 war axe.
Your golden dragon bites the golden dragon!
Your golden dragon claws the golden dragon but does no damage.
Your golden dragon closely misses the golden dragon.
The living spell casts itself at you. The crystal spear hits you!!!
The living spell casts itself at you. The crystal spear hits you!!!!
You die...

####..####)#((.##* **
**** , ###..######...#.#
* * * , ,
.##..##).####.##. *,, ***
#....##(.###.#### ,, ,*
** #####..####.#####* *
*, *
#####...###.##?$#####* .
***
...#....##.###$D#...#V..,
, ,
.....#..##.#####D;.W..# ,
* ..####.###..○###@..# *
,
#..#"#..##.☼○○○☼##*.#[#.
*, ,
##)####...###○○○###*####
,, #..#......#####○##C.#,
,,,* *
#....#...#[?###○##. *
*,,** #...######(. ☼##*,{
* * * * ##..##### * *.**
, ** * (.##....### # * **
* , .)##......#*, ***,, ,
,,, ** ,


You could see a juggernaut (wandering), a golden dragon (catching breath, ally
target), a walking crystal tome, a vampire knight (wandering), a flayed ghost, 2
living crystal spells and a friendly golden dragon (summoned, catching breath,
drained).

Vanquished Creatures
  Khufu (Crypt:3)
  Mara (Swamp:2)
  2 juggernauts (Depths:2)
  Vashnia (Snake:4)
  A golden dragon (Vaults:5)
  A profane servitor (Crypt:3)
  Nikola (Vaults:1)
  Jory (Vaults:3)
  2 bone dragons
  Rupert (D:12)
  2 tentacled monstrosities
  A walking crystal tome (Depths:3)
  Mlioglotl (Swamp:3)
  A walking earthen tome (Depths:2)
  A walking frostbound tome (Depths:2)
  4 deep elf blademasters (Elf:3)
  4 liches
  A shard shrike skeleton (Crypt:3)
  3 deep elf master archers (Elf:3)
  7 sphinxes
  Frances (D:12)
  Kirke (Snake:3)
  4 ancient champions
  7 tengu reavers
  A storm dragon (Depths:3)
  A shadow dragon (Vaults:5)
  A revenant (Crypt:3)
  9 nagarajas
  6 fire giants
  Roxanne (D:14)
  8 deep elf sorcerers
  An iron dragon (Depths:1)
  4 frost giants
  Aizul (Vaults:1)
  7 vault wardens
  2 orc warlords
  A draconian shifter (Abyss:3)
  5 ghouls
  11 ironbound preservers
  A deep elf elementalist (Elf:3)
  10 very ugly things
  3 reapers
  9 stone giants
  5 ironbound thunderhulks
  5 deep elf demonologists (Elf:3)
  An eleionoma (Swamp:1)
  6 vampire knights
  A minotaur (Gauntlet)
  8 deep elf annihilators
  Azrael (D:12)
  4 bunyips
  4 spark wasps (Depths:2)
  10 dire elephants
  2 entropy weavers
  An orange crystal statue (WizLab)
  The ghost of Lupesig the Peltast, a journeyman MiFi of Trog (Lair:3)
  A green death (Depths:2)
  9 deep elf death magi
  3 mummy priests
  2 eidola
  2 crystal guardians
  A fire dragon (Depths:2)
  The ghost of frimble the Frost Mage, a journeyman GnIE of Cheibriados (Lair:4)
  A merfolk impaler (Depths:1)
  A quicksilver dragon zombie (Crypt:1)
  Josephine (D:12)
  7 ettins
  22 jiangshi
  17 hydras
  4 deep elf high priests
  11 yaktaur captains
  An ice dragon (Depths:1)
  A spriggan zombie (Crypt:1)
  2 spriggan air magi
  18 naga warriors
  4 great orbs of eyes
  10 anacondas
  A hell beast (Depths:1)
  2 peacekeepers
  3 demonspawn (Orc:2)
  30 vault guards
  5 boulder beetles
  An ogre mage (D:14)
  22 centaur warriors
  2 salamander tyrants (Snake:4)
  2 spriggan skeletons (Crypt:2)
  An anaconda (shapeshifter) (Depths:2)
  2 catoblepae
  A ghost crab (Swamp:4)
  3 ironbound frosthearts
  7 death yaks
  5 death knights
  2 deep troll shamans
  3 two-headed ogres
  A hell hog (Depths:1)
  6 tengu warriors
  The ghost of Hougom the Blocker, a journeyman GrFi of Okawaru (Lair:1)
  2 thrashing horrors (Abyss:3)
  9 alligators
  A deep troll earth mage (Depths:1)
  29 dancing weapons
  4 orc high priests
  6 vampire magi
  5 shock serpents
  6 spriggan berserkers
  3 sun demons
  18 naga sharpshooters
  16 deep elf knights
  Urug (D:11)
  14 hell knights
  10 soul eaters
  A sixfirhy (Depths:2)
  2 wretched stars (Abyss:3)
  Nergalle (D:12)
  A fire crab (D:14)
  3 salamander mystics (Snake:4)
  4 shadow wraiths
  4 iron trolls
  31 skeletal warriors
  9 goliath frogs
  30 deep trolls
  17 ironbound convokers
  A bunyip zombie (Crypt:1)
  6 spriggan druids
  6 flayed ghosts
  6 naga ritualists
  A quicksilver dragon simulacrum (Depths:1)
  5 glowing orange brains
  11 deep elf archers
  13 lindwurms
  4 harpies (Vaults:3)
  12 swamp dragons
  6 phantasmal warriors
  7 wizards
  4 bog bodies
  11 necromancers
  A broodmother zombie (Crypt:2)
  17 orc knights
  32 deep elf pyromancers
  12 orc sorcerers
  42 deep elf zephyrmancers
  7 mana vipers
  4 manticores
  5 will-o-the-wisps
  28 ugly things
  A wolf spider (D:13)
  7 cyclopes
  2 human zombies (Vaults:4)
  A salamander (shapeshifter) (Depths:3)
  14 salamanders
  11 elephants
  A shadow dragon skeleton (Vaults:2)
  Maurice (D:10)
  7 guardian serpents
  28 black mambas
  A rust devil (Hell)
  A moth of wrath (Gauntlet)
  An apocalypse crab (Gauntlet)
  26 naga magi
  12 vault sentinels
  11 cane toads
  2 orange demons
  2 ice statues (IceCv)
  2 torpor snails
  2 centaur skeletons
  2 gargoyles
  Maggie (D:7)
  A catoblepas zombie (Crypt:2)
  12 komodo dragons
  A yaktaur zombie (Vaults:4)
  6 tengu conjurers
  25 yaktaurs
  A death yak zombie (Crypt:2)
  2 efreet (D:14)
  2 yaktaur skeletons (Vaults:2)
  4 freezing wraiths
  An ancient zyme (Abyss:3)
  An anaconda simulacrum (Lair:1)
  A grey draconian skeleton (Crypt:1)
  3 hellwings
  6 ice devils
  3 elf skeletons
  A bloated husk (Swamp:1)
  7 tyrant leeches
  10 guardian mummies
  9 polar bears
  A queen bee (Lair:1)
  A spectral harpy (Crypt:3)
  2 wolf spider simulacra (Lair:1)
  14 hornets
  5 trolls
  Prince Ribbit (D:7)
  A harpy skeleton (Hell)
  An ettin zombie (Hell)
  13 blink frogs
  6 raiju
  A snapping turtle (shapeshifter) (D:15)
  13 dream sheep
  21 slime creatures
  An ettin skeleton (Vaults:2)
  3 vampires
  A stone giant simulacrum (Crypt:3)
  3 air elementals
  59 flying skulls
  2 centaur simulacra (D:15)
  23 spriggans
  24 shadows
  5 wyverns
  3 ynoxinuls
  A dire elephant simulacrum (Abyss:3)
  A spriggan (shapeshifter) (Abyss:3)
  58 yaks
  10 water elementals
  9 wraiths
  A human (D:14)
  4 small abominations
  2 fire elementals
  2 hogs (Snake:3)
  A human (shapeshifter) (D:14)
  6 redbacks
  2 vampire mosquitoes (D:14)
  3 neqoxecs (Abyss:5)
  3 chaos spawn
  8 large abominations
  4 wargs
  A death yak simulacrum (IceCv)
  3 steam dragons
  A two-headed ogre zombie (D:12)
  13 swamp worms
  A deep troll skeleton (Crypt:2)
  44 nagas
  A harpy simulacrum (IceCv)
  An acid dragon (D:8)
  A merfolk skeleton (Crypt:2)
  4 hell hounds (D:12)
  10 swamp drakes
  A naga skeleton (Hell)
  13 water moccasins
  A two-headed ogre skeleton (Crypt:2)
  An ice beast (D:5)
  35 orc warriors
  5 necrophages
  A black bear (Lair:6)
  11 ogres
  A lindwurm skeleton (Crypt:2)
  10 boggarts
  36 wolves
  12 centaurs
  A dream sheep skeleton (Crypt:2)
  2 phantoms
  A hog skeleton (Crypt:1)
  10 bullfrogs
  7 human skeletons
  6 kobold brigands
  5 earth elementals
  2 human simulacra (Vaults:4)
  2 two-headed ogre simulacra (IceCv)
  4 scorpions
  6 cane toad simulacra (IceCv)
  2 wyvern skeletons
  2 water moccasin skeletons (D:5)
  A blink frog simulacrum (Lair:1)
  A yak skeleton (Crypt:1)
  18 killer bees
  20 wights
  5 howler monkeys
  An electric eel (Lair:2)
  A bullfrog zombie (Crypt:2)
  7 centaur zombies
  A basilisk zombie (Crypt:1)
  3 hounds (D:6)
  2 jellies (D:4)
  2 quasits (Abyss:3)
  25 orc priests
  A bullfrog skeleton (Crypt:1)
  32 orc wizards
  2 iguanas (D:5)
  A polar bear simulacrum (Lair:1)
  A scorpion zombie (D:5)
  3 troll simulacra (IceCv)
  2 killer bee zombies (D:8)
  A spriggan simulacrum (IceCv)
  A wolf simulacrum (IceCv)
  An acid dragon zombie (Crypt:1)
  7 ogre zombies (D:12)
  3 tengu zombies
  A bullfrog simulacrum (Lair:1)
  A dwarf zombie (Crypt:1)
  2 hound skeletons
  2 howler monkey zombies
  2 mummies (Tomb:1)
  10 gnolls
  5 adders
  A river rat (Sewer)
  2 naga simulacra (IceCv)
  2 shadow imps (D:5)
  5 white imps
  2 ufetubi
  An adder zombie (Crypt:2)
  An adder skeleton (D:4)
  74 orcs
  8 ball pythons
  7 bats
  5 endoplasms
  8 giant cockroaches
  4 goblins
  3 hobgoblins
  10 jackals
  30 kobolds
  3 quokkas
  A ball python skeleton (Crypt:2)
  A ball python zombie (Crypt:1)
  3 frilled lizards
  A goblin skeleton (D:12)
  A goblin zombie (D:12)
  2 hobgoblin skeletons (D:12)
  7 hobgoblin zombies (D:12)
  14 orc zombies (D:12)
  9 rats
  A bush (D:6)
  A lurking horror (Depths:2)
2048 creatures vanquished.

Vanquished Creatures (collateral kills)
  Saint Roka (Crypt:1)
  A vault warden (Vaults:2)
  An orc warlord (Vaults:2)
  An ironbound preserver (Vaults:3)
  A deep elf demonologist (Elf:3)
  A bunyip (Elf:3)
  2 deep elf death magi (Elf:3)
  A yaktaur captain (Vaults:4)
  A skeletal warrior (Vaults:2)
  2 deep trolls (Vaults:2)
  A bog body (Swamp:4)
  A swamp dragon (Swamp:4)
  An orc knight (Orc:2)
  An ironbound convoker (Vaults:2)
  2 deep elf zephyrmancers
  3 salamanders
  A vault sentinel (Vaults:4)
  2 yaktaurs
  2 nagas
  An orc warrior (Orc:2)
  A swamp drake (Swamp:4)
  2 orc priests (Orc:2)
  An orc (Orc:2)
31 creatures vanquished.

Vanquished Creatures (others)
  An ironbound preserver (Vaults:1)
  A naga warrior (Snake:1)
  A spriggan berserker (Swamp:4)
  2 deep elf knights (Elf:1)
  2 deep trolls (Vaults:1)
  2 deep elf zephyrmancers
  A deep elf pyromancer (Elf:2)
  A black mamba (Snake:3)
  A vault sentinel (Vaults:1)
  A yaktaur (Vaults:1)
  A bloated husk (Swamp:1)
  3 humans (Snake:3)
  A naga (Snake:1)
  An orc warrior (D:14)
  An orc priest (Orc:1)
  2 orcs
  23 foxfires
  32 fungi
  A lurking horror (Depths:2)
  33 plants
  8 starspawn tentacles (Swamp:3)
  3 withered plants (Gauntlet)
122 creatures vanquished.

Grand Total: 2201 creatures vanquished

Notes
Turn   | Place    | Note
-------+----------+-------------------------------------------
     0 | D:1      | bobojojo the Minotaur Fighter began the quest for the Orb.
     0 | D:1      | Reached XP level 1. HP: 19/19 MP: 0/0
   161 | D:1      | Reached XP level 2. HP: 24/27 MP: 1/1
   426 | D:1      | Reached skill level 4 in Fighting
  1001 | D:2      | Reached XP level 3. HP: 33/33 MP: 2/2
  1468 | D:3      | Reached XP level 4. HP: 21/41 MP: 3/3
  1813 | D:3      | Reached skill level 5 in Fighting
  1932 | D:3      | Reached XP level 5. HP: 48/48 MP: 4/4
  2766 | D:4      | Found a glowing drain.
  2783 | Sewer    | Entered a sewer
  2888 | Sewer    | Reached skill level 5 in Maces & Flails
  2888 | Sewer    | Reached XP level 6. HP: 32/57 MP: 5/5
  3029 | Sewer    | Found a white marble altar of Elyvilon.
  3109 | D:4      | Reached skill level 6 in Fighting
  3109 | D:4      | Reached skill level 5 in Shields
  3604 | D:4      | Noticed a yak
  3604 | D:4      | Noticed a yak
  3604 | D:4      | Noticed a yak
  4028 | D:4      | Reached XP level 7. HP: 33/64 MP: 6/6
  4440 | D:5      | Entered Level 5 of the Dungeon
  4467 | D:5      | Reached skill level 7 in Fighting
  5115 | D:6      | Reached XP level 8. HP: 61/74 MP: 7/7
  5211 | D:6      | Reached skill level 8 in Fighting
  5211 | D:6      | Reached skill level 1 in Throwing
  5659 | D:6      | Found an ancient bone altar of Kikubaaqudgha.
  5660 | D:6      | Found a broken altar of Ashenzari.
  5663 | D:6      | Found a shimmering altar of Xom.
  5720 | D:6      | Reached skill level 9 in Fighting
  6232 | D:6      | Became a worshipper of Ashenzari the Shackled
  6333 | D:7      | Reached XP level 9. HP: 46/83 MP: 8/8
  6812 | D:7      | Noticed Prince Ribbit
  6819 | D:7      | Reached skill level 10 in Fighting
  6831 | D:7      | Reached skill level 10 in Maces & Flails
  6839 | D:7      | Killed Prince Ribbit
  7039 | D:7      | Noticed a two-headed ogre
  7233 | D:4      | Reached XP level 10. HP: 52/94 MP: 9/9
  7239 | D:4      | Reached skill level 11 in Fighting
  7600 | D:7      | Found a staircase to the Ecumenical Temple.
  8283 | D:7      | Noticed Maggie
  8298 | D:7      | Killed Maggie
  8508 | D:8      | Noticed a two-headed ogre
  8528 | D:8      | Killed a two-headed ogre
  8529 | D:8      | Reached skill level 5 in Throwing
  8964 | D:8      | Reached skill level 12 in Fighting
  9122 | D:8      | Noticed a wizard
  9132 | D:8      | Killed a wizard
  9217 | D:7      | Killed a two-headed ogre
  9822 | D:9      | Reached XP level 11. HP: 105/105 MP: 8/10
 10329 | D:10     | Entered Level 10 of the Dungeon
 10377 | D:10     | Noticed a two-headed ogre
 10382 | D:10     | Killed a two-headed ogre
 10397 | D:10     | Upgraded the game from 0.29-a0-82-g837932c90e to
                  | 0.29-a0-91-gdebf4667c2
 10404 | D:10     | Reached skill level 5 in Armour
 10491 | D:10     | Noticed Maurice
 10514 | D:10     | Killed Maurice
 10585 | D:10     | Found a staircase to the Lair.
 10884 | D:10     | Noticed a deep elf pyromancer
 10895 | D:10     | Killed a deep elf pyromancer
 10896 | D:10     | Reached skill level 13 in Fighting
 11656 | D:11     | Found Xaclar's Antique Armour Shop.
 11664 | D:11     | Bought a glowing hat for 133 gold pieces
 11664 | D:11     | Bought a runed hat for 133 gold pieces
 11688 | D:11     | Reached skill level 10 in Shields
 11857 | D:11     | Found Rudeov's Book Emporium.
 11877 | D:11     | Found Vaak's Assorted Antiques.
 11888 | D:11     | Found a gate leading to a gauntlet.
 11909 | Gauntlet | Entered a Gauntlet
 11909 | Gauntlet | Found a transporter.
 11909 | Gauntlet | Found a transporter.
 11915 | Gauntlet | Found a transporter.
 11916 | Gauntlet | Found a runed translucent door.
 11927 | Gauntlet | Found a transporter.
 11944 | Gauntlet | Found a transporter.
 11947 | Gauntlet | Found a transporter.
 11947 | Gauntlet | Found a transporter.
 11948 | Gauntlet | Noticed a necromancer
 11949 | Gauntlet | Found a transporter.
 11951 | Gauntlet | Noticed a hell beast
 11960 | Gauntlet | Found a transporter.
 11975 | Gauntlet | Found a transporter.
 11977 | Gauntlet | Noticed a minotaur
 11985 | Gauntlet | Found a transporter.
 11991 | Gauntlet | Noticed a cacodemon
 12018 | Gauntlet | Found a transporter.
 12037 | Gauntlet | Found a transporter.
 12037 | Gauntlet | Found a transporter.
 12234 | Gauntlet | Killed a necromancer
 12289 | Gauntlet | Upgraded the game from 0.29-a0-91-gdebf4667c2 to
                  | 0.29-a0-113-g078de9bc30
 12311 | Gauntlet | Identified the +0 pair of gloves "Bomune" {rF+ Str+2
                  | Stlth+}
 12339 | Gauntlet | Killed a minotaur
 12340 | Gauntlet | Reached skill level 14 in Fighting
 12349 | Gauntlet | Got the Catalogue of Cankerous Summoning
 12352 | Gauntlet | Identified the +8 war axe "Panuf" {holy, rF+}
 12357 | Gauntlet | Got Sif Muna's Disquisition on the Voyage
 12359 | Gauntlet | Identified the +1 storm dragon scales "Ajutz" {rElec Int+5
                  | Slay+2}
 12359 | Gauntlet | Identified the +6 flail "Geoxaplo" {protect, rCorr Str+2
                  | Int+2}
 13118 | D:11     | Noticed Urug
 13126 | D:11     | Killed Urug
 13127 | D:11     | Reached XP level 12. HP: 86/117 MP: 3/11
 13764 | D:12     | Noticed Nergalle
 13765 | D:12     | Noticed Josephine
 13777 | D:12     | Killed Nergalle
 13786 | D:12     | Killed Josephine
 13880 | D:12     | Noticed Azrael
 13926 | D:12     | Killed Azrael
 14237 | D:12     | Noticed a four-headed hydra
 14346 | D:12     | Noticed Rupert
 14346 | D:12     | Paralysed by Rupert for 6 turns
 14440 | Lair:1   | Entered Level 1 of the Lair of Beasts
 14486 | Lair:1   | Found a transporter.
 14511 | Lair:1   | Identified the +2 chain mail of the Many Coins {*Corrode
                  | Dex+5}
 14554 | Lair:1   | Found a transporter.
 14557 | Lair:1   | Found a transporter.
 14558 | Lair:1   | Noticed Hougom's ghost (journeyman GrFi)
 14705 | Lair:1   | Reached skill level 15 in Fighting
 15234 | Lair:1   | Found a transporter.
 15304 | Lair:1   | Identified the +1 ring mail of the Cricket {rC+ rCorr SInv}
 15306 | Lair:1   | Identified the +0 helmet "Cahettuwk" {Str+2}
 15708 | Lair:2   | Identified the +8 rapier "Eloiwuch" {holy, Fly}
 15804 | Lair:2   | Reached skill level 1 in Dodging
 15833 | Lair:2   | Reached skill level 15 in Maces & Flails
 15835 | Lair:2   | Noticed a seven-headed hydra
 15877 | Lair:2   | Killed a seven-headed hydra
 16011 | Lair:2   | Found a staircase to the Swamp.
 16308 | Lair:2   | Reached * piety under Ashenzari
 16308 | Lair:2   | Identified a scroll of acquirement
 16408 | Lair:2   | Reached XP level 13. HP: 128/128 MP: 2/12
 16673 | Lair:3   | Found a staircase to the Snake Pit.
 16698 | Lair:3   | Reached skill level 16 in Fighting
 16974 | Lair:3   | Acquired the +3 crown of Dyrovepreva {rElec Int+2 SInv}
 16974 | Lair:3   | Found the +3 crown of Dyrovepreva {rElec Int+2 SInv}
 16976 | Lair:3   | Reached ** piety under Ashenzari
 17283 | Lair:3   | Found a runed translucent gate.
 17283 | Lair:3   | Found a runed translucent gate.
 17284 | Lair:3   | Found a runed translucent gate.
 17289 | Lair:3   | Noticed Lupesig's ghost (journeyman MiFi)
 17302 | Lair:3   | Killed Lupesig's ghost
 17969 | Lair:4   | Found a runed translucent door.
 17969 | Lair:4   | Found a shimmering altar of Xom.
 17969 | Lair:4   | Noticed frimble's ghost (journeyman GnIE)
 17969 | Lair:4   | Identified the +2 hunting sling of Charity {venom, rPois
                  | rF+ rC- Int+7}
 18684 | Lair:4   | Reached *** piety under Ashenzari
 18760 | Lair:4   | Identified the +6 longbow "Homiwk" {vorpal, rPois rC- rN+++
                  | Str-2}
 19326 | Lair:4   | Killed frimble's ghost
 19354 | Lair:5   | Found a staircase to the Slime Pits.
 19354 | Lair:5   | Found a viscous altar of Jiyva.
 19837 | Lair:5   | Reached skill level 17 in Fighting
 20000 | Lair:5   | Reached skill level 10 in Armour
 20016 | Lair:5   | Reached skill level 5 in Dodging
 20026 | Lair:5   | Reached **** piety under Ashenzari
 20580 | Lair:6   | Entered Level 6 of the Lair of Beasts
 21063 | Lair:6   | Reached XP level 14. HP: 138/146 MP: 0/13
 21710 | Lair:6   | Reached skill level 1 in Evocations
 21930 | Lair:6   | Reached skill level 18 in Fighting
 22177 | Lair:6   | Identified the +2 dagger "Soqeseph" {flame, rElec Str+4
                  | Dex+2}
 22503 | Lair:6   | Found a runed translucent gate.
 22503 | Lair:6   | Found a runed translucent gate.
 22503 | Lair:6   | Found a runed translucent gate.
 22658 | Lair:6   | Noticed petzl's ghost (journeyman FoAM)
 22658 | Lair:6   | Identified the ring "Piog" {Fire rPois rN++ Int+3 Dex-4}
 23408 | D:12     | Noticed Frances
 23422 | D:12     | Killed Frances
 24083 | Lair:1   | Killed Hougom's ghost
 24182 | Snake:1  | Entered Level 1 of the Snake Pit
 24930 | Swamp:1  | Entered Level 1 of the Swamp
 25312 | Swamp:1  | Reached XP level 15. HP: 119/157 MP: 0/14
 25444 | Swamp:1  | Reached skill level 19 in Fighting
 26133 | Swamp:2  | Upgraded the game from 0.29-a0-113-g078de9bc30 to
                  | 0.29-a0-119-g4040846114
 26311 | Swamp:2  | Identified the +11 rapier "Wyilur" {holy, rF+}
 26665 | Swamp:3  | Noticed Mara
 26674 | Swamp:2  | Killed Mara
 27011 | Swamp:2  | Reached skill level 5 in Evocations
 27030 | Swamp:3  | Noticed a fenstrider witch
 27090 | Swamp:2  | Paralysed by a fenstrider witch for 3 turns
 27662 | Swamp:3  | Noticed Mlioglotl
 27664 | Swamp:3  | Noticed a tentacled starspawn
 27675 | Swamp:3  | Noticed a tentacled starspawn
 28317 | Swamp:3  | Killed Mlioglotl
 28649 | Swamp:4  | Entered Level 4 of the Swamp
 28865 | Swamp:4  | Reached ***** piety under Ashenzari
 28944 | Swamp:4  | Reached XP level 16. HP: 124/171 MP: 0/15
 29117 | Swamp:4  | Reached skill level 15 in Shields
 29619 | Swamp:4  | Reached skill level 20 in Fighting
 29738 | Swamp:4  | Got a decaying rune of Zot
 29813 | Swamp:4  | Found a runed translucent gate.
 29813 | Swamp:4  | Found a runed translucent gate.
 29813 | Swamp:4  | Found a runed translucent gate.
 29813 | Swamp:4  | Noticed TheGamechu's ghost (adept MiBe)
 29813 | Swamp:4  | Noticed Jograino's ghost (journeyman DEIE)
 29815 | Swamp:4  | Identified the +0 cloak of the Armoured One {Harm rN+++
                  | Str+3}
 31632 | Snake:2  | Reached skill level 10 in Dodging
 33354 | Snake:3  | Found Arghouzebraro's Book Boutique.
 33356 | Snake:3  | Found Myaffaw's Book Shop.
 33358 | Snake:3  | Found Peitac's Magic Scroll Boutique.
 33366 | Snake:3  | Bought a scroll of blinking for 120 gold pieces
 33472 | Snake:3  | Noticed Kirke
 33488 | Snake:3  | Killed Kirke
 33946 | Snake:3  | Reached XP level 17. HP: 113/180 MP: 0/16
 34346 | Snake:4  | Entered Level 4 of the Snake Pit
 37177 | Snake:4  | Reached skill level 21 in Fighting
 37243 | Snake:4  | Noticed Vashnia
 38496 | D:12     | Killed Rupert
 38772 | D:12     | Found a staircase to the Orcish Mines.
 39145 | Orc:1    | Entered Level 1 of the Orcish Mines
 39246 | Orc:1    | Found Xeoli's Distillery.
 39255 | Orc:1    | Bought a potion of curing for 33 gold pieces
 39255 | Orc:1    | Bought a potion of might for 44 gold pieces
 39255 | Orc:1    | Bought a potion of heal wounds for 55 gold pieces
 39255 | Orc:1    | Bought a potion of curing for 33 gold pieces
 39469 | Orc:2    | Entered Level 2 of the Orcish Mines
 39701 | Orc:1    | Reached skill level 15 in Armour
 39992 | Orc:2    | Found Aklyfe's Antique Armour Shoppe.
 40061 | Orc:2    | Found a staircase to the Elven Halls.
 40485 | Orc:2    | Found Jaheyrut's General Store.
 40489 | Orc:2    | Found Qiawnuale's Magic Scroll Shop.
 40718 | Orc:2    | Reached XP level 18. HP: 135/190 MP: 0/17
 41042 | Orc:2    | Bought a scroll of fog for 28 gold pieces
 41042 | Orc:2    | Bought a scroll of teleportation for 42 gold pieces
 41042 | Orc:2    | Bought a scroll of fear for 49 gold pieces
 41086 | Orc:2    | Paralysed by an orc sorcerer for 6 turns
 41094 | Orc:2    | Paralysed by an orc sorcerer for 6 turns
 41520 | D:13     | Found Oprotaora's Distillery.
 41530 | D:13     | Found a frozen archway.
 41532 | D:13     | Bought a potion of curing for 36 gold pieces
 41532 | D:13     | Bought a potion of heal wounds for 60 gold pieces
 41541 | IceCv    | Entered an ice cave
 41793 | IceCv    | Identified the ring "Vifoanink" {Ice Will+ Str+4 Int-5}
 42258 | D:13     | Found a hide-covered altar of Uskayaw.
 42928 | D:14     | Found a gate to the Vaults.
 43134 | D:14     | Identified the ring "Vilusir" {rF+ Will+ Str+6}
 43187 | D:14     | Identified the ring of Zuvid {rPois rF+ rCorr Int-5}
 43316 | D:14     | Identified the ring of Darkness {rCorr MP+9 Str+2 SInv}
 43325 | D:14     | Identified the ring of Wusy {Fire Str+3 Slay-2}
 43447 | D:14     | Identified Roxanne's Catalogue of Earth
 43447 | D:14     | Noticed Roxanne
 43482 | D:14     | Killed Roxanne
 44136 | D:15     | Entered Level 15 of the Dungeon
 44756 | D:15     | Found a staircase to the Depths.
 44768 | Depths:1 | Entered Level 1 of the Depths
 45970 | Snake:4  | Got a serpentine rune of Zot
 46109 | Snake:4  | Killed Vashnia
 46704 | Orc:2    | Found a one-way gate leading to the halls of Pandemonium.
 46708 | Orc:2    | Found Poqutit's Book Emporium.
 46712 | Orc:2    | Found Qontisen's Antique Armour Shoppe.
 46865 | Orc:2    | Bought a pair of embroidered boots for 232 gold pieces
 46913 | Elf:1    | Entered Level 1 of the Elven Halls
 47049 | Elf:1    | Found Gon Fepn's Book Shoppe.
 47859 | Elf:1    | Reached XP level 19. HP: 202/202 MP: 0/18
 47862 | Elf:1    | Reached skill level 10 in Evocations
 48488 | Elf:1    | Identified the Incunabulum of the Entourage
 48642 | Elf:2    | Reached skill level 22 in Fighting
 48978 | Elf:2    | Found a huge runed translucent gate.
 48978 | Elf:2    | Found a huge runed translucent gate.
 48979 | Elf:2    | Found a huge runed translucent gate.
 48980 | Elf:2    | Found a huge runed translucent gate.
 48989 | Elf:2    | Found a huge runed translucent gate.
 49604 | Elf:3    | Entered Level 3 of the Elven Halls
 49616 | Elf:3    | Learned a level 2 spell: Passwall
 49620 | Elf:3    | Learned a level 3 spell: Swiftness
 49625 | Elf:3    | Learned a level 4 spell: Animate Armour
 49650 | Elf:3    | Found an ancient bone altar of Kikubaaqudgha.
 49659 | Elf:3    | Found Pianifyo's Jewellery Boutique.
 49676 | Elf:3    | Bought the brooch of Shielding {Spirit SH+8} for 891 gold
                  | pieces
 49676 | Elf:3    | Found the brooch of Shielding {Spirit SH+8}
 49858 | Elf:3    | Cast into level 3 of the Abyss (a deep elf demonologist)
 49894 | Abyss:3  | Found a corrupted altar of Lugonu.
 50075 | Abyss:3  | Noticed a bone dragon
 50107 | Abyss:3  | Killed a bone dragon
 50495 | Abyss:4  | Noticed a dread lich
 50515 | Abyss:5  | Entered Level 5 of the Abyss
 50533 | Abyss:5  | Found a sparkling altar of Nemelex Xobeh.
 50569 | Elf:3    | Escaped the Abyss
 50579 | Elf:3    | Paralysed by an air elemental for 1 turns
 51033 | Elf:3    | Found the macabre finger necklace {rN+}
 51059 | Elf:3    | Identified the +5 scale mail of Seiq {rF+ rN+ Int+3 Slay-4}
 51275 | Elf:3    | Identified the +6 scale mail of Foolhardiness {Str+6}
 51595 | Elf:3    | Identified the +6 mace "Mehoggog" {freeze, Str+4}
 51947 | Vaults:1 | Entered Level 1 of the Vaults
 51987 | Vaults:1 | Noticed Nikola
 51996 | Vaults:1 | Killed Nikola
 52544 | Vaults:1 | Noticed Aizul
 52565 | Vaults:1 | Killed Aizul
 52672 | Vaults:1 | Found Nuavenygg's General Store.
 52691 | Vaults:1 | Bought a potion of haste for 130 gold pieces
 52792 | Vaults:1 | Reached XP level 20. HP: 213/213 MP: 12/19
 55080 | Vaults:2 | Reached skill level 23 in Fighting
 55616 | Vaults:2 | Found a staircase to the Crypt.
 55816 | Vaults:2 | Reached skill level 15 in Dodging
 55900 | Crypt:1  | Entered Level 1 of the Crypt
 57066 | Crypt:1  | Reached XP level 21. HP: 219/222 MP: 1/20
 57325 | Crypt:1  | Noticed Saint Roka
 57335 | Crypt:1  | Killed Saint Roka
 58590 | Crypt:3  | Entered Level 3 of the Crypt
 58744 | Crypt:3  | Learned a level 2 spell: Wereblood
 58855 | Crypt:3  | Reached skill level 1 in Transmutations
 58875 | Crypt:3  | Reached skill level 1 in Air Magic
 59026 | Crypt:3  | Reached skill level 1 in Spellcasting
 59135 | Crypt:3  | Found an ancient bone altar of Kikubaaqudgha.
 59323 | Crypt:3  | Found the +4 skin of Zhor {*Englaciate rC+++ SInv}
 59404 | Crypt:3  | Found the +8 Vampire's Tooth {vamp}
 59896 | Crypt:3  | Noticed a profane servitor
 59905 | Crypt:3  | Killed a profane servitor
 59912 | Crypt:3  | Identified the ring "Xinat" {Will- AC+4 Str+5}
 60063 | Crypt:3  | Identified the +2 leather armour of Hytt {rC+ Str+4}
 60203 | Crypt:3  | Found a staircase to the Tomb.
 60203 | Crypt:3  | Noticed Khufu
 60212 | Crypt:3  | Killed Khufu
 60721 | Tomb:1   | Entered Level 1 of the Tomb of the Ancients
 61425 | Vaults:3 | Found a magical portal.
 61435 | WizLab   | Entered Wucad Mu's Monastery
 61625 | WizLab   | Found the +9 staff of Wucad Mu {*channel}
 61667 | WizLab   | Reached skill level 1 in Earth Magic
 61667 | WizLab   | Reached XP level 22. HP: 161/233 MP: 6/30
 61851 | Vaults:3 | Noticed Jory
 61869 | Vaults:3 | Killed Jory
 61870 | Vaults:3 | Reached XP level 23. HP: 212/240 MP: 0/31
 62592 | Vaults:3 | Identified the +9 rapier of Hairy Forgiveness {holy, rElec
                  | rPois Str+5 Int-4}
 63377 | Vaults:3 | Learned a level 2 spell: Sublimation of Blood
 63382 | Vaults:3 | Learned a level 4 spell: Leda's Liquefaction
 64242 | Vaults:4 | Found Ewigg's General Store.
 64258 | Vaults:4 | Bought a +2 pair of gloves of dexterity for 236 gold pieces
 64805 | Vaults:4 | Identified the +4 broad axe of the Valley of Death {vamp,
                  | rPois rN+ Int+6}
 64949 | Vaults:5 | Entered Level 5 of the Vaults
 65857 | Elf:3    | Cast into level 3 of the Abyss (a deep elf sorcerer)
 65916 | Elf:3    | Escaped the Abyss
 65923 | Elf:3    | Identified the amulet of Benevolence {Acrobat Fragile Int+4
                  | SInv}
 65926 | Elf:3    | Reached skill level 5 in Spellcasting
 65954 | Elf:3    | Identified the Almanac of Earthen Sinister Arts
 66102 | Elf:3    | Identified the +7 rapier of Boimaomo {flame, rElec rF+}
 66102 | Elf:3    | Identified the +6 chain mail "Akoacoh" {Rampage rN+ Str+2}
 66292 | Elf:3    | Identified the +8 short sword of Unreason {antimagic, *Rage
                  | rPois Str+5}
 66323 | Elf:3    | Found the +9 heavy crossbow "Sniper" {vorpal, Acc+∞ SInv}
 66338 | Elf:3    | Learned a level 2 spell: Blink
 66344 | Elf:3    | Learned a level 5 spell: Manifold Assault
 66437 | Elf:3    | Identified the +7 great sword of Zakladde {elec, Int+6}
 66773 | Depths:1 | Found a one-way gateway to a ziggurat.
 66793 | Depths:1 | Reached skill level 1 in Translocations
 66805 | Depths:1 | Reached XP level 24. HP: 143/249 MP: 0/36
 66999 | Depths:1 | Identified the +1 great sword "Utuhem" {freeze, Str+7 SInv}
 67117 | Depths:1 | Found a gateway to Hell.
 68059 | Hell     | Entered the Vestibule of Hell
 68059 | Hell     | Noticed Geryon
 68469 | Depths:2 | Found a flickering gateway to a bazaar.
 68479 | Bazaar   | Entered a bazaar
 68479 | Bazaar   | Found Aply Baulapt's Antique Weapon Emporium.
 68482 | Bazaar   | Found Guscheup's Jewellery Emporium.
 68487 | Bazaar   | Found Keotau's Distillery.
 68514 | Bazaar   | Found Foiniq's Distillery.
 68527 | Bazaar   | Found Teitzudd's Assorted Antiques.
 68549 | Bazaar   | Bought a potion of heal wounds for 40 gold pieces
 68549 | Bazaar   | Bought a potion of resistance for 80 gold pieces
 68549 | Bazaar   | Bought 2 potions of curing for 48 gold pieces
 68549 | Bazaar   | Bought a potion of resistance for 80 gold pieces
 68576 | Bazaar   | Bought a potion of might for 44 gold pieces
 68576 | Bazaar   | Bought a potion of curing for 33 gold pieces
 68576 | Bazaar   | Bought a potion of curing for 33 gold pieces
 68576 | Bazaar   | Bought a potion of haste for 110 gold pieces
 68803 | Depths:2 | Identified the +12 shortbow of Irritation {freeze, rElec
                  | rC+++ rN++ Int-5}
 68837 | Depths:2 | Noticed a juggernaut
 68862 | Depths:2 | Killed a juggernaut
 69123 | Depths:2 | Noticed a juggernaut
 69138 | Depths:2 | Killed a juggernaut
 69180 | Depths:2 | Identified the Grimoire of Evil Calling
 69188 | Depths:2 | Identified the +9 shortbow of the Modern Realms {vorpal,
                  | rCorr Int+2}
 69692 | Depths:2 | Found a one-way gate to the infinite horrors of the Abyss.
 69692 | Depths:2 | Found a corrupted altar of Lugonu.
 70671 | Depths:3 | Reached skill level 5 in Translocations
 70676 | Depths:3 | Learned a level 3 spell: Gell's Gravitas
 70679 | Depths:3 | Found a sacrificial altar of Ru.
 70864 | Depths:3 | Noticed a juggernaut
 70865 | Depths:3 | Killed from afar by a living spell

Illustrated notes

Levels and vault maps discovered:
D:1:      lightli_arrival_isolated_outpost, layout_basic
D:2:      layout_basic
D:3:      layout_basic
D:4:      layout_basic, portal_sewer_entry_f, hangedman_decor_peaks_small,
          minmay_misc_feat_x
D:5:      layout_cave_pools
D:6:      layout_cave_pods, gammafunk_temple_overflow_forgotten,
          grunt_ministairs_11
D:7:      layout_rooms, minmay_temple_entry_glass, uniq_prince_ribbit1,
          uniq_maggie
D:8:      cheibrodos_wizards_tower, layout_rooms
D:9:      layout_roguey
D:10:     layout_irregular_city, erik_lair_orcish_takeover, feat_on_display,
          uniq_maurice
D:11:     layout_loops_corners, gauntlet_entry_generic, serial_shops,
          nicolae_diamond_shop, shop, shop_statue, uniq_urug
D:12:     layout_loops_ring, zombieorc2_lemuel, uniq_frances, uniq_nergalle,
          uniq_azrael, uniq_josephine, uniq_rupert
D:13:     layout_long_grid, serial_shops, shop, portal_ice_cave_entry_pillars_2,
          eat_drink_and_be_merry_uskayaw
D:14:     minmay_the_grid_triangle_9x9_rhombus_thin_mashed
          [minmay_the_grid_triangle_9x9_stretched_checkered,
          minmay_the_grid_triangle_9x9_prize_special,
          minmay_the_grid_triangle_9x9_windchime,
          minmay_the_grid_triangle_9x9_corruption], layout_basic,
          grunt_vaults_entry_fortified, chequers_serial_rivers_micro_c,
          uniq_roxanne
D:15:     grunt_enter_depths_magical_seal, layout_basic, minmay_strange_pillars
Lair:1:   gammafunk_cloud_chamber, layout_chaotic_city, gammafunk_ghost_hive,
          lemuel_fruit_fields, serial_bayou_shore_b
Lair:2:   layout_layer_cave, nicolae_swamp_entry_splash_gauntlet
Lair:3:   layout_roguey, dummy_snake_entry, ebering_ghost_rock_garden,
          serial_bayou_pond_e
Lair:4:   layout_gridlike, ebering_ghost_xom, small_statue_intersection,
          cheibrodos_lair_lostbears, serial_bayou_shore_a, lemuel_fruit_fields,
          grunt_megastairs_2, infiniplex_staircase_pool
Lair:5:   layout_loops_ring, slime_altar_1, beast_lair_carwin_11,
          grunt_megastairs_3, infiniplex_staircase_pool_2
Lair:6:   minmay_lair_end_enchanted_forest, layout_misc_corridors,
          gammafunk_ghost_icy, grunt_megastairs_5
Swamp:1:  layout_falls_marsh, nicolae_swamp_well_well_well
Swamp:2:  layout_basic_swamp, nicolae_swamp_small_spring
Swamp:3:  layout_basic_swamp, evilmike_swamp_ruin_house_3, uniq_mara,
          uniq_mlioglotl
Swamp:4:  swamp_basic_johnstein, layout_basic_swamp, gammafunk_ghost_cemetery,
          swamp_pool5
Snake:1:  layout_rooms
Snake:2:  layout_onion
Snake:3:  nicolae_cobra_stairs, layout_rooms, minmay_shop_star, uniq_kirke
Snake:4:  snake_pit, layout_misc_corridors, uniq_vashnia
Orc:1:    layout_caves, serial_shops, shop
Orc:2:    pf_orc_diabolical, layout_caves, serial_shops,
          nicolae_shop_behind_doors
Elf:1:    elf_arrival_002, layout_loops_corners, serial_shops,
          nicolae_shop_stone, minmay_elf_sorcery
Elf:2:    elven_hall_of_blades_hangedman_alternative
          [nicolae_blade_entry_crossed_weapons], layout_geoelf_grid
Elf:3:    nooodl_elf_gasket, layout_gridlike, serial_shops,
          nicolae_shop_crystal, basic_altar
Vaults:1: v_pattern_5, v_misc_29, nicolae_vaults_puzzle_piece,
          hangedman_vaults_maws, st_lines, v_rooms_5, ontoclasm_vaults_twist,
          vaults_dpeg_encased_lava, layout_vaults_omnigrid, serial_shops,
          shop_fountains, uniq_nikola, uniq_aizul
Vaults:2: vaults_mumra_hex, v_rooms_4, nicolae_vaults_network_quinsquares
          [nicolae_vaults_network_quincunx_subvault,
          nicolae_vaults_network_quincunx_subvault,
          nicolae_vaults_network_quincunx_subvault,
          nicolae_vaults_network_quincunx_subvault], v_misc_14,
          vaults_room_door_hall, v_misc_25, v_misc_19, vaults_dpeg_spiral,
          v_pattern_4, minmay_crypt_entry_skeletal_spiral, vaults_dpeg_doors,
          v_rooms_3, layout_vaults_maze_bifur
Vaults:3: mu_enter_wizlab_4, vaults_room_large_hall, hangedman_vaults_pinch,
          vaults_room_boxed, nicolae_vaults_network_barrier,
          nicolae_vaults_little_squares_6, ontoclasm_vaults_misaligned,
          ontoclasm_vaults_pinch, vaults_room_fours, layout_vaults_chaotic_city,
          uniq_jory
Vaults:4: grunt_vaults_diagonal, nicolae_vaults_puzzle_piece, v_alt_pattern_4,
          vaults_mumra_chevron, ontoclasm_vaults_ring_large,
          nicolae_vaults_triangles, nicolae_vaults_little_squares_4,
          vaults_room_semicircle, vaults_room_fours, grunt_vaults_hallway_long,
          nicolae_vaults_alarming, nicolae_vaults_know_your_exits,
          layout_vaults_omnicross, serial_shops, nicolae_shop_trees
Vaults:5
Crypt:1:  minmay_shadows, layout_catacombs, uniq_saint_roka
Crypt:2:  layout_regular_city, nicolae_crypt_cryptocurrency,
          lemuel_nasty_fountain, lemuel_upstairs_altar
Crypt:3:  grunt_crypt_end_deaths_head
Tomb:1
Depths:1: layout_forbidden_donut, enter_ziggurat_c, grunt_mini_vestibule,
          minmay_misc_feat_tower, st_stairs_14, kennysheep_underground_church
Depths:2: minmay_swirls_squares, layout_basic, grunt_hell_entry_dis_old,
          rand_demon_pan_entry_9, dk_noncrumbling_4, serial_shops,
          bzr_entry_islet, minmay_stone_trees_small,
          amcnicky_altar_lugonu_corruption, infiniplex_staircase_zigzag_5
Depths:3: minmay_four_inscribed_fans, layout_gridville,
          nicolae_abyss_entry_one_way_or_another,
          amcnicky_mini_rare_corridor_liquid, hell_entry,
          nicolae_ru_great_annihilating_truth, serial_bayou_shore_b, uniq_sojobo
Hell

Skill      XL: |  1  2  3  4  5  6  7  8  9 10 11 12 13 14 15 16 17 18 19 20 21 22 23 24 |
---------------+-------------------------------------------------------------------------+-----
Fighting       | 4 5 6 7 9 10 12 14 15 17 18 19 20 21 22 23 | 23.9
Maces & Flails | 3 4 5 6 7 8 10 12 14 15 16 17 18 19 20 21 | 21.2
Shields        | 4 5 6 7 8 9 10 11 12 13 14 15 16 17 18 19 20 21 | 21.7
Throwing       | 2 4 5 |  5.1
Armour         | 4 6 8 10 11 12 14 15 16 17 18 19 20 | 20.6
Dodging        | 2 5 7 9 10 11 13 14 15 17 | 17.7
Evocations     | 3 5 7 8 9 11 12 13 14 | 14.9
Transmutations | 3 |  3.4
Air Magic      | 3 |  3.0
Spellcasting   | 3 5 6 |  6.4
Earth Magic    | 1 |  1.2
Translocations | 1 5 |  5.3

Action                   |  1- 3 |  4- 6 |  7- 9 | 10-12 | 13-15 | 16-18 | 19-21 | 22-24 || total
-------------------------+-------+-------+-------+-------+-------+-------+-------+-------++-------
Melee: Flail             |    75 |   157 |   301 |   621 |  1021 |  1728 |   437 |       ||  4340
       Headbutt          |     9 |    18 |    77 |   147 |   256 |   453 |   404 |   330 ||  1694
       War axe           |       |       |       |     4 |       |       |       |       ||     4
       Morningstar       |       |       |       |       |       |       |   958 |   111 ||  1069
       Demon whip        |       |       |       |       |       |       |    77 |   929 ||  1006
Throw: Dart              |       |     1 |    48 |    29 |     2 |     3 |     1 |     4 ||    88
       Boomerang         |       |       |       |     7 |       |     5 |    88 |    14 ||   114
       Javelin           |       |       |       |     2 |    13 |    40 |       |       ||    55
       Throwing net      |       |       |       |       |     1 |       |       |       ||     1
 Cast: Wereblood         |       |       |       |       |       |       |    10 |    29 ||    39
       Manifold Assault  |       |       |       |       |       |       |       |     2 ||     2
       Sublimation of Bl |       |       |       |       |       |       |       |     1 ||     1
Invok: Curse Item        |       |       |       |     2 |     6 |     1 |     2 |     1 ||    12
       Shatter the Chain |       |       |       |       |       |     3 |     1 |       ||     4
Evoke: Lightning rod     |       |       |       |       |     7 |    28 |     5 |     4 ||    44
       Condenser vane    |       |       |       |       |     4 |     5 |     8 |     7 ||    24
       Wand              |       |       |       |       |     4 |    15 |     4 |     5 ||    28
       Box of beasts     |       |       |       |       |     4 |     7 |     6 |     2 ||    19
       Tin of tremorston |       |       |       |       |       |     4 |    12 |     7 ||    23
       Piece from Xom's  |       |       |       |       |       |       |    10 |       ||    10
       Phantom mirror    |       |       |       |       |       |       |       |     5 ||     5
  Use: Scroll            |       |     3 |       |    14 |     8 |    15 |    13 |     3 ||    56
       Potion            |       |     1 |     1 |     2 |     7 |     5 |     3 |     6 ||    25
 Stab: Distracted        |       |       |       |       |     2 |     1 |     1 |     1 ||     5
       Paralysed         |       |       |       |       |       |       |     1 |     1 ||     2
Armor: Scale mail        |    11 |       |       |       |       |       |       |       ||    11
       Plate armour      |    33 |    95 |   116 |   139 |       |       |       |       ||   383
       Storm dragon scal |       |       |       |    93 |   423 |   535 |   353 |   193 ||  1597
Dodge: Dodged            |    31 |    64 |   119 |   204 |   543 |   755 |   319 |   267 ||  2302
Block: Buckler           |    22 |    36 |    78 |   100 |       |       |       |       ||   236
       Kite shield       |       |       |       |   113 |   687 |   606 |       |       ||  1406
       Tower shield      |       |       |       |       |       |   887 |  1621 |  1198 ||  3706

Table legend: (Time is in decaauts)
 A = Elapsed time spent in this place.
 B = Non-inter-level travel time spent in this place.
 C = Inter-level travel time spent in this place.
 D = Time resting spent in this place.
 E = Time spent auto-exploring this place.
 F = Levels seen in this place.
 G = Mean time per level.
                   A        B        C        D        E       F      G
               +--------+--------+--------+--------+--------+-----+--------+
         Total |  70207 |  65721 |   4486 |  16072 |  30185 |  57 | 1231.7 |
       Dungeon |  19456 |  17539 |   1917 |   1951 |  11453 |  15 | 1297.1 |
          Lair |  10588 |   9968 |    620 |   2690 |   5666 |   6 | 1764.7 |
         Swamp |   5133 |   4935 |    198 |   1620 |   1748 |   4 | 1283.2 |
     Snake Pit |   7961 |   7545 |    416 |   3619 |   1783 |   4 | 1990.2 |
  Orcish Mines |   2681 |   2322 |    359 |    431 |   1129 |   2 | 1340.5 |
   Elven Halls |   4814 |   4566 |    248 |   1257 |   1245 |   3 | 1604.7 |
        Vaults |   7624 |   7170 |    454 |   1329 |   3857 |   5 | 1524.8 |
         Crypt |   5037 |   4843 |    194 |   1316 |   1548 |   3 | 1679.0 |
          Tomb |    459 |    458 |      1 |    419 |      0 |   1 |  459.0 |
        Depths |   3815 |   3740 |     75 |    943 |   1524 |   3 | 1271.7 |
          Hell |     26 |     26 |      0 |      0 |      0 |   1 |   26.0 |
         Abyss |    748 |    748 |      0 |     77 |      0 |   5 |  149.6 |
        Bazaar |    127 |    127 |      0 |      0 |      0 |   1 |  127.0 |
         Sewer |    317 |    317 |      0 |      0 |    230 |   1 |  317.0 |
      Ice Cave |    405 |    405 |      0 |    114 |      0 |   1 |  405.0 |
        Wizlab |    313 |    313 |      0 |      0 |      0 |   1 |  313.0 |
      Gauntlet |    695 |    695 |      0 |    304 |      0 |   1 |  695.0 |
               +--------+--------+--------+--------+--------+-----+--------+

Top non-repeatable levels by time:
 Snake:3: 3660 daAuts
  Lair:3: 2861 daAuts
    D:12: 2459 daAuts
Vaults:2: 2224 daAuts
 Crypt:3: 2144 daAuts
Depths:2: 2031 daAuts
   Elf:3: 2025 daAuts
 Snake:4: 1986 daAuts
   Orc:2: 1946 daAuts
  Lair:6: 1883 daAuts
  Lair:4: 1871 daAuts
     D:7: 1842 daAuts
Vaults:4: 1832 daAuts
Vaults:1: 1803 daAuts
     D:3: 1772 daAuts
